 Dungeon Crawl Stone Soup version 0.28-a0-537-g3bccd9ccbf (webtiles) character file.

Game seed: 8550234745854533187

519 a11behringer the Ruffian (level 7, -3/67 HPs)
             Began as a Troll Berserker on Sept 28, 2021.
             Was a Believer of Trog.
             Slain by a gnoll (9 damage)
             ... on level 4 of the Dungeon.
             The game lasted 00:12:16 (2528 turns).

a11behringer the Ruffian (Troll Berserker)          Turns: 2528, Time: 00:12:16

Health: -3/67      AC:  4    Str: 26    XL:     7   Next: 1%
Magic:  6/6        EV: 10    Int:  3    God:    Trog [**....]
Gold:   224        SH:  0    Dex: 11    Spells: 6/6 levels left

rFire   + . .      SeeInvis .   q - +1 whip
rCold   . . .      Faith    .   (no shield)
rNeg    . . .      Spirit   .   a - +0 animal skin
rPois   .          Reflect  .   (helmet restricted)
rElec   .          Harm     .   (no cloak)
rCorr   .          Rampage  .   (gloves unavailable)
Will    .....                   (boots unavailable)
Stlth   +.........              (no amulet)
HPRegen 1.21/turn               d - ring of protection from fire
MPRegen 0.10/turn               (no ring)

@: weak-willed
A: large, unfitting armour, claws 3, regeneration 1, shaggy fur 1, tough skin 1
a: Renounce Religion, Berserk, Trog's Hand


You were on level 4 of the Dungeon.
You worshipped Trog.
Trog was pleased with you.
You visited 1 branch of the dungeon, and saw 4 of its levels.

You collected 224 gold pieces.

Inventory:

Hand Weapons
 m - a +0 morningstar
 o - a +0 giant spiked club
 q - a +1 whip (weapon)
Missiles
 j - 7 large rocks (quivered)
Armour
 a - a +0 animal skin (worn)
Jewellery
 d - a ring of protection from fire (left claw)
Wands
 g - a wand of flame (20)
Scrolls
 c - 3 scrolls of teleportation
 k - 2 scrolls of identify
Potions
 b - 5 potions of attraction
 e - a potion of might {unknown}
 f - 2 potions of brilliance {unknown}
 h - a potion of curing {unknown}
 n - a potion of cancellation {unknown}
 p - a potion of flight {unknown}


   Skills:
 - Level 3.1 Fighting
 * Level 4.2 Maces & Flails
 - Level 3.2 Dodging
 - Level 0.3 Stealth
 - Level 5.0 Unarmed Combat


You had 6 spell levels left.
You didn't know any spells.
Your spell library was empty.

Dungeon Overview and Level Annotations

Branches:
Dungeon (4/15)
 Temple: D:4-7

Altars:

Shops:
D:2 *


Innate Abilities, Weirdness & Mutations

You are too large for most types of armour.
You have claws for hands.
Your natural rate of healing is unusually fast.
You are covered in fur. (AC +1)
You have tough skin. (AC +1)


Message History

A ball python comes into view.
A gnoll comes into view. It is wielding a +0 club.
The ball python hisses angrily.
The ball python bites you. x2
You barely miss the ball python. Your claw misses the ball python.
The ball python barely misses you.
You barely miss the ball python.
The gnoll shouts!
A gnoll comes into view. It is wielding a +0 halberd.
The ball python barely misses you.
You barely miss the ball python. The ball python closely misses you.
You barely miss the ball python. The ball python bites you.
You hit the ball python.
You kill the ball python!
Trog accepts your kill.
A gnoll comes into view. It is wielding a +0 halberd.
You see here a ball python corpse.
The gnoll hits you from afar with a +0 halberd!
You whack the gnoll! You claw the gnoll.
The gnoll is severely wounded.
A hound comes into view.
The gnoll hits you with a +0 club.
The gnoll hits you from afar with a +0 halberd!
You hit the gnoll.
The gnoll is almost dead.
The gnoll hits you with a +0 club.
The gnoll hits you from afar with a +0 halberd!
You whack the gnoll!
You kill the gnoll!
Trog accepts your kill.
You have reached level 7!
The gnoll barely misses you.
You barely miss the gnoll. The gnoll hits you with a +0 halberd!
* * * LOW HITPOINT WARNING * * *
You barely miss the gnoll. The gnoll hits you with a +0 halberd!
* * * LOW HITPOINT WARNING * * *
You barely miss the gnoll. The gnoll hits you with a +0 halberd!
* * * LOW HITPOINT WARNING * * *
You closely miss the gnoll. The gnoll hits you with a +0 halberd!
You die...

#####..........#
##.###.####.#
##)).##.# #.#
#..#..#.# #.#
#)###...# #.#
#..#..### #.# ##....##
#.# ##....##
###.#########
#.#.#.####
#....@gh.....
.........#
#.#†)#####..#
#.#.#.................
##...##.......#.......
#.## ....#......#...
#.. ..#.....#.....#
### .#....#. ..#...
.#...# ..#... .#..#
..# .#


You could see a hound and a gnoll.

Vanquished Creatures
  Sigmund (D:2)
  An ogre (D:4)
  A phantom (D:4)
  A scorpion (D:4)
  8 gnolls
  An adder skeleton (D:4)
  A worm (D:2)
  2 dart slugs
  An orc (D:3)
  6 ball pythons
  6 endoplasms
  2 giant cockroaches
  4 goblins
  14 hobgoblins
  3 jackals (D:1)
  A quokka (D:1)
  5 bats
  4 frilled lizards
  2 kobolds
  5 rats
69 creatures vanquished.

Vanquished Creatures (others)
  3 toadstools (D:1)
3 creatures vanquished.

Grand Total: 72 creatures vanquished

Notes
Turn   | Place    | Note
-------+----------+-------------------------------------------
     0 | D:1      | a11behringer the Troll Berserker began the quest for the
                  | Orb.
     0 | D:1      | Reached XP level 1. HP: 22/22 MP: 0/0
    97 | D:1      | Reached XP level 2. HP: 27/29 MP: 1/1
   336 | D:1      | Reached XP level 3. HP: 35/36 MP: 2/2
   660 | D:2      | Reached ** piety under Trog
   699 | D:2      | Found Pihabost's Assorted Antiques.
   822 | D:2      | Noticed Sigmund
   830 | D:2      | Killed Sigmund
   831 | D:2      | Reached skill level 4 in Unarmed Combat
   831 | D:2      | Reached XP level 4. HP: 45/45 MP: 3/3
   831 | D:2      | Reached XP level 5. HP: 53/53 MP: 4/4
  1272 | D:2      | Found a faded altar of an unknown god.
  1562 | D:3      | Reached skill level 5 in Unarmed Combat
  1669 | D:3      | HP: 2/53 [gnoll (2)]
  1671 | D:3      | Reached skill level 1 in Maces & Flails
  2365 | D:4      | Reached XP level 6. HP: 33/61 MP: 5/5
  2524 | D:4      | Reached XP level 7. HP: 24/67 MP: 6/6
  2528 | D:4      | Slain by a gnoll

Illustrated notes

Levels and vault maps discovered:
D:1:      minmay_arrival_loop, layout_rooms, minmay_crystal_water,
          minmay_gold_behind_fungi, minmay_misc_feat_tower
D:2:      layout_basic, serial_shops, nicolae_square_shop,
          shapermc_ecumenical_altar_mp_urbaneastern, uniq_sigmund
D:3:      layout_basic
D:4:      layout_loops_ring, serial_shops, shop, minmay_increasing_density,
          uniq_eustachio

Skill      XL: |  1  2  3  4  5  6 |
---------------+-------------------+-----
Fighting       | 3 |  3.1
Dodging        | 3 |  3.2
Unarmed Combat | 4 5 |  5.0
Maces & Flails | 2 4 |  4.2
Stealth        | |  0.3

Action                   |  1- 3 |  4- 6 |  7- 9 || total
-------------------------+-------+-------+-------++-------
Melee: Unarmed           |    90 |    73 |       ||   163
       Whip              |       |     8 |     4 ||    12
       Punch             |       |     1 |       ||     1
Invok: Berserk           |     1 |     1 |       ||     2
       Trog's Hand       |     1 |     1 |       ||     2
  Use: Scroll            |     2 |     2 |       ||     4
Armor: Animal skin       |    44 |     9 |       ||    53
Dodge: Dodged            |    56 |    30 |     1 ||    87

Table legend: (Time is in decaauts)
 A = Elapsed time spent in this place.
 B = Non-inter-level travel time spent in this place.
 C = Inter-level travel time spent in this place.
 D = Time resting spent in this place.
 E = Time spent auto-exploring this place.
 F = Levels seen in this place.
 G = Mean time per level.
                   A        B        C        D        E       F      G
               +--------+--------+--------+--------+--------+-----+--------+
         Total |   2532 |   1741 |    791 |      0 |   1300 |   4 |  633.0 |
       Dungeon |   2532 |   1741 |    791 |      0 |   1300 |   4 |  633.0 |
               +--------+--------+--------+--------+--------+-----+--------+

Top non-repeatable levels by time:
     D:3: 902 daAuts
     D:2: 824 daAuts
     D:1: 630 daAuts
     D:4: 175 daAuts
